 Dungeon Crawl Stone Soup version 0.28.0-45-g0d030f2227 (webtiles) character file.

Game seed: 9111589633584756247

14831 Icepheonix32 the Frost Mage (level 11, -17/83 HPs)
             Began as a Demonspawn Ice Elementalist on Apr 16, 2022.
             Was a Believer of Vehumet.
             Demolished by a white ugly thing (29 damage)
             ... on level 10 of the Dungeon.
             The game lasted 00:26:45 (10528 turns).

Icepheonix32 the Frost Mage (DsIE)                 Turns: 10528, Time: 00:26:46

Health: -17/83     AC:  8    Str: 11    XL:     11   Next: 93%
Magic:  21/22      EV: 14    Int: 21    God:    Vehumet [**....]
Gold:   637        SH:  0    Dex: 13    Spells: 7/25 levels left

rFire   . . .      SeeInvis .   w - +7 staff of the Meek {protect, meekguard}
rCold   . . .      Faith    .   (shield currently unavailable)
rNeg    . . .      Spirit   .   h - +2 robe {Archmagi}
rPois   .          Reflect  .   (no helmet)
rElec   .          Harm     .   C - +2 cloak
rCorr   .          Rampage  .   l - +0 pair of gloves
Will    .....      Archmagi +   (no boots)
Stlth   +++.......              j - amulet of regeneration
HPRegen 1.03/turn               (no ring)
MPRegen 0.18/turn               (no ring)

@: about to teleport
A: spiny 1, big brain 1, demonic magic 2
a: Renounce Religion


You were on level 10 of the Dungeon.
You worshipped Vehumet.
Vehumet was pleased with you.
You visited 2 branches of the dungeon, and saw 11 of its levels.

You collected 637 gold pieces.

Inventory:

Hand Weapons
 m - the +8 trident of the Octopus King {venom, rElec rPois}
   (You found it on level 2 of the Dungeon)

   It poisons the flesh of those it strikes.
   rElec:     It insulates you from electricity.
   rPois:     It protects you from poison.
 t - a +0 dagger of draining
 w - the +7 staff of the Meek (weapon) {protect, meekguard}
   (You found it on level 6 of the Dungeon)

   It grants its wielder temporary protection when it strikes (+7 to AC).
   It provides extra protection to wielders with little health.
 L - a +2 dagger of speed
Missiles
 k - 10 boomerangs
Armour
 a - a +0 robe
 e - a +0 leather armour
 h - a +2 robe of the Archmagi (worn)
 l - a +0 pair of gloves (worn)
 u - an orb of light
 v - a scarf of invisibility
 C - a +2 cloak (worn)
Magical Staves
 d - a staff of earth
Jewellery
 j - an amulet of regeneration (around neck)
Wands
 b - a wand of acid (1)
 s - a wand of iceblast (6)
 G - a wand of mindburst (7)
 J - a wand of flame (11)
 K - a wand of polymorph (1)
Scrolls
 o - 2 scrolls of teleportation
 q - a scroll of fog
 x - 2 scrolls of amnesia {unknown}
 y - a scroll of silence {unknown}
 z - 2 scrolls of magic mapping {unknown}
 A - a scroll of vulnerability {unknown}
 B - 2 scrolls of holy word {unknown}
 D - a scroll of blinking {unknown}
 E - a scroll of enchant weapon {unknown}
 F - a scroll of identify
Potions
 c - 3 potions of resistance {unknown}
 f - 2 potions of flight
 g - 2 potions of mutation
 i - 5 potions of curing
 n - a potion of haste
 p - 2 potions of invisibility {unknown}
 r - a potion of lignification
 H - a potion of heal wounds {unknown}
 I - 2 potions of attraction {unknown}


   Skills:
 + Level 6.7 Fighting
 - Level 4.5(6.0) Polearms
 * Level 6.1(6.8) Staves
 + Level 2.1 Throwing
 + Level 2.7 Armour
 * Level 6.3 Dodging
 + Level 5.8 Stealth
 + Level 7.7 Spellcasting
 * Level 4.9 Conjurations
 + Level 1.1 Hexes
 + Level 0.2 Transmutations
 * Level 8.7 Ice Magic
 + Level 0.6 Air Magic
 + Level 1.0 Poison Magic


You had 7 spell levels left.
You knew the following spells:

 Your Spells              Type           Power      Damage    Failure   Level
a - Freeze                Ice            100%       1d11      1%          1
b - Poisonous Vapours     Pois/Air       34%        N/A       9%          2
c - Ozocubu's Armour      Ice            61%        N/A       1%          3
d - Frozen Ramparts       Ice            100%       1d12      1%          3
e - Ensorcelled Hibernat  Hex/Ice        86%        N/A       1%          2
f - Wereblood             Tmut           13%        N/A       11%         2
g - Hailstorm             Conj/Ice       53%        3d12      4%          4
h - Pain                  Necr           48%        1d6       9%          1

Your spell library contained the following spells:

 Spells                   Type           Power      Damage    Failure   Level
 Static Discharge         Conj/Air       29%        N/A       4%          2
 Sting                    Tmut/Pois      64%        1d6       6%          1
 Beastly Appendage        Tmut           26%        N/A       8%          1
 Spider Form              Tmut/Pois      16%        N/A       19%         3
 Portal Projectile        Hex/Tloc       30%        N/A       21%         3
 Olgreb's Toxic Radiance  Pois           18%        N/A       47%         4
 Anguish                  Hex/Necr       7%         N/A       54%         4
 Blade Hands              Tmut           6%         N/A       90%         5
 Agony                    Necr           12%        N/A       92%         5
 Excruciating Wounds      Necr           6%         N/A       92%         5


Dungeon Overview and Level Annotations

Branches:
Dungeon (10/15)            Temple (1/1) D:7             Orc (0/2) D:10
   Lair: D:8-11

Altars:
Ashenzari
Cheibriados
Dithmenos
Elyvilon
Fedhas
Gozag
Hepliaklqana
Kikubaaqudgha
Makhleb
Nemelex Xobeh
Okawaru
Qazlal
Ru
Sif Muna
Trog
Uskayaw
Vehumet
Wu Jian
Xom
Yredelemnul
Zin
The Shining One

Shops:
D:3 (

Annotations:
D:4 2 transporters, boopmooplesden's ghost, amateur MiBe


Innate Abilities, Weirdness & Mutations

You are partially covered in sharp spines.
You have an unusually large brain. (Int +2)
Spells you cast may paralyse nearby enemies.


Message History

a +0 trident; a +0 plate armour; an orc corpse You now have 637 gold pieces (gained 67).
Things that are here:
a +2 quarterstaff of draining; an orc corpse
Things that are here:
a +0 mace; a +0 robe
There is an open door here.
Items here: ) [ ††.
Items here: ) [ †††††.
Okay, then.
A white ugly thing is nearby!
You catch the helpless white ugly thing completely off-guard!
You hit the white ugly thing.
Your weapon exudes an aura of protection.
The white ugly thing is lightly wounded.
The white ugly thing is struck by your spines.
The white ugly thing pecks you! The white ugly thing freezes you!!
Unknown command.
Casting: Frozen Ramparts (safe; 1% risk of failure)
Confirm with . or Enter, or press ? or * to list all spells.
Aiming: Pain (safe; 9% risk of failure)
Press: ? - help, Shift-Dir - straight line, f - white ugly thing
Aim: a white ugly thing (lightly wounded, chance to affect: 50%)
You feel a surge of power!
The white ugly thing writhes in agony.
Malevolent energies surge around you.
The white ugly thing is struck by your spines.
The white ugly thing pecks you. The white ugly thing freezes you!!
* * * LOW HITPOINT WARNING * * *
You feel better.
The white ugly thing is struck by your spines.
The white ugly thing pecks you.
* * * LOW HITPOINT WARNING * * *
The white ugly thing freezes you!
* * * LOW HITPOINT WARNING * * *
Unknown command.
As you read the scroll of teleportation, it crumbles to dust.
You feel strangely unstable. The white ugly thing pecks you.
* * * LOW HITPOINT WARNING * * *
The white ugly thing freezes you!!
You die...

......#
#.#
..⌠..##
#.#
..../#
#.#
#...##
#.# #.).#
#.# ##'##
#.# ...
#####.#
...
###...#.#


B.T ###.....#@# ..#......)#u# ..'...⌠).)')# ..#.......### ###.....# ###...#
###'# ..# ..# You could see a white ugly thing.

Vanquished Creatures
  A yaktaur captain (D:10)
  A boulder beetle (D:10)
  Erica (D:8)
  A two-headed ogre (D:9)
  A tengu warrior (D:10)
  A flayed ghost (D:10)
  Pikel (D:8)
  Maurice (D:8)
  A rime drake (shapeshifter) (D:10)
  4 trolls
  3 hornets
  3 wyverns (D:10)
  2 vampires
  15 yaks
  2 steam dragons
  A naga (shapeshifter) (D:10)
  2 water moccasins
  An acid dragon (D:10)
  A black bear (D:6)
  3 ice beasts
  A sky beast (D:8)
  7 orc warriors
  3 ogres
  8 necrophages
  A boggart (D:10)
  2 phantoms (D:5)
  5 centaurs
  4 lemures (D:8)
  2 bullfrogs
  A gnoll sergeant (D:10)
  2 scorpions
  2 water moccasin zombies
  A wyvern skeleton (D:6)
  4 wights (D:7)
  An electric eel (D:8)
  3 centaur zombies
  4 howler monkeys
  2 bullfrog zombies
  A gnoll shaman (D:6)
  A bullfrog skeleton (D:6)
  2 hounds
  7 orc priests
  2 iguanas
  Terence (D:3)
  18 orc wizards
  A killer bee zombie (D:7)
  A hound skeleton (D:4)
  A mummy (D:7)
  5 gnolls (D:6)
  13 adders
  2 white imps
  2 ufetubi
  An adder skeleton (D:5)
  A dart slug (D:4)
  41 orcs
  8 ball pythons
  2 bats
  3 endoplasms
  2 giant cockroaches
  3 goblins
  7 hobgoblins
  3 jackals (D:2)
  4 kobolds
  5 quokkas
  3 frilled lizards
  5 rats
244 creatures vanquished.

Vanquished Creatures (others)
  An ogre mage (D:10)
  10 plants
  A withered plant (D:7)
12 creatures vanquished.

Grand Total: 256 creatures vanquished

Notes
Turn   | Place    | Note
-------+----------+-------------------------------------------
     0 | D:1      | Icepheonix32 the Demonspawn Ice Elementalist began the
                  | quest for the Orb.
     0 | D:1      | Reached XP level 1. HP: 13/13 MP: 3/3
   678 | D:1      | Gained mutation: You have an unusually large brain. (Int
                  | +2) [demonic ancestry]
   678 | D:1      | Reached XP level 2. HP: 17/19 MP: 1/5
  1019 | D:1      | Reached skill level 4 in Ice Magic
  1095 | D:1      | Learned a level 2 spell: Poisonous Vapours
  1402 | D:2      | Reached skill level 1 in Fighting
  1402 | D:2      | Reached XP level 3. HP: 26/26 MP: 3/6
  1679 | D:2      | Found the +8 trident of the Octopus King {venom, rElec
                  | rPois}
  1865 | D:2      | Found a blossoming altar of Fedhas.
  2220 | D:3      | Gained mutation: You are partially covered in sharp spines.
                  | [demonic ancestry]
  2220 | D:3      | Reached XP level 4. HP: 32/32 MP: 6/8
  2248 | D:3      | Found Kiryn's Antique Weapon Emporium.
  2367 | D:3      | Noticed Terence
  2372 | D:3      | Killed Terence
  2373 | D:3      | Reached skill level 1 in Armour
  2941 | D:4      | Learned a level 3 spell: Ozocubu's Armour
  3041 | D:4      | Noticed a scorpion
  3044 | D:4      | Killed a scorpion
  3045 | D:4      | Reached XP level 5. HP: 38/38 MP: 4/9
  3626 | D:4      | Noticed boopmooplesden's ghost (amateur MiBe)
  3646 | D:4      | Found a transporter.
  3711 | D:4      | Found a transporter.
  3730 | D:4      | Reached skill level 1 in Polearms
  4027 | D:5      | Entered Level 5 of the Dungeon
  4039 | D:5      | Gained mutation: Spells you cast may paralyse adjacent
                  | enemies. [demonic ancestry]
  4039 | D:5      | Reached XP level 6. HP: 46/46 MP: 10/10
  4117 | D:5      | Noticed an ice beast
  4125 | D:5      | Killed an ice beast
  4180 | D:5      | Reached XP level 7. HP: 51/51 MP: 12/12
  4184 | D:5      | Learned a level 3 spell: Frozen Ramparts
  4573 | D:5      | Reached XP level 8. HP: 52/58 MP: 7/15
  5055 | D:6      | Reached skill level 5 in Spellcasting
  5630 | D:6      | Learned a level 2 spell: Ensorcelled Hibernation
  5638 | D:6      | Reached skill level 5 in Ice Magic
  5729 | D:6      | Found the +7 staff of the Meek {protect, meekguard}
  6029 | D:7      | Reached XP level 9. HP: 66/66 MP: 13/17
  6039 | D:7      | Reached skill level 1 in Poison Magic
  6043 | D:7      | Reached skill level 1 in Staves
  6229 | D:7      | Reached skill level 5 in Fighting
  6404 | D:7      | Reached skill level 6 in Ice Magic
  6407 | D:7      | Reached skill level 1 in Hexes
  6415 | D:7      | Found a staircase to the Ecumenical Temple.
  6457 | Temple   | Entered the Ecumenical Temple
  6846 | Temple   | Learned a level 2 spell: Wereblood
  6851 | Temple   | Learned a level 4 spell: Hailstorm
  6967 | Temple   | Became a worshipper of Vehumet
  7387 | D:8      | Reached skill level 1 in Conjurations
  7430 | D:8      | Gained mutation: Spells you cast may paralyse nearby
                  | enemies. [demonic ancestry]
  7430 | D:8      | Reached XP level 10. HP: 74/74 MP: 14/18
  7870 | D:8      | Noticed Maurice
  8267 | D:8      | Found a shadowy altar of Dithmenos.
  8268 | D:8      | Noticed Erica
  8282 | D:8      | Killed Erica
  8345 | D:8      | Killed Maurice
  8346 | D:8      | Reached skill level 5 in Dodging
  8346 | D:8      | Reached skill level 5 in Stealth
  8544 | D:8      | Noticed Pikel
  8558 | D:8      | Killed Pikel
  8559 | D:8      | Reached skill level 7 in Ice Magic
  8930 | D:9      | Reached skill level 1 in Throwing
  9101 | D:9      | Reached * piety under Vehumet
  9101 | D:9      | Offered knowledge of Sandblast by Vehumet.
  9184 | D:9      | Learned a level 1 spell: Pain
  9257 | D:9      | Reached XP level 11. HP: 80/83 MP: 18/21
  9442 | D:9      | Noticed a two-headed ogre
  9453 | D:9      | Killed a two-headed ogre
  9720 | D:10     | Entered Level 10 of the Dungeon
 10158 | D:10     | Noticed a tengu warrior
 10160 | D:10     | Noticed a deep troll earth mage
 10162 | D:10     | Noticed a flayed ghost
 10166 | D:10     | Killed a tengu warrior
 10166 | D:10     | Noticed a white ugly thing
 10167 | D:10     | Reached skill level 5 in Staves
 10167 | D:10     | Reached skill level 8 in Ice Magic
 10170 | D:10     | Reached ** piety under Vehumet
 10179 | D:10     | Offered knowledge of Static Discharge by Vehumet.
 10190 | D:10     | Noticed a flayed ghost
 10191 | D:10     | Noticed a boulder beetle
 10193 | D:10     | Killed a flayed ghost
 10195 | D:10     | Noticed a yaktaur captain
 10212 | D:10     | Killed a boulder beetle
 10222 | D:10     | Killed a yaktaur captain
 10258 | D:10     | Noticed a boulder beetle
 10326 | D:10     | Noticed a flayed ghost
 10331 | D:10     | Found a staircase to the Orcish Mines.
 10432 | D:10     | Noticed an ogre mage
 10445 | D:10     | Killed an ogre mage
 10528 | D:10     | Demolished by a white ugly thing

Illustrated notes

Levels and vault maps discovered:
D:1:      minmay_arrival_diagonal_passages, layout_rooms, serial_bayou_lagoon_b
D:2:      layout_basic, basic_altar
D:3:      layout_basic, serial_shops, shop_fountains, chequers_arboretum,
          uniq_terence
D:4:      layout_basic, gammafunk_ghost_stat_death
D:5:      layout_gridville
D:6:      layout_loops_ring, hangedman_decor_slide_cut
D:7:      layout_rooms, minmay_temple_entry_junction_2, serial_undead,
          serial_undead_b, serial_undead_e, serial_undead_c, serial_undead_c,
          serial_undead_a, serial_undead_b
D:8:      layout_cave_pods, nicolae_dithmenos_through_a_glass_darkly,
          serial_bayou, serial_bayou_lagoon_a, serial_bayou_pond_d,
          serial_bayou_pond_a, serial_bayou_pond_d, uniq_pikel, uniq_maurice,
          uniq_erica
D:9:      layout_roguey, minmay_quadrilaterals
D:10:     layout_loops_ring, orc_0_dummy, nicolae_rejected_hall
Temple:   mainiacjoe_temple_trianglar_array

Skill      XL: |  1  2  3  4  5  6  7  8  9 10 11 |
---------------+----------------------------------+-----
Ice Magic      | 4 5 6 7 8 |  8.7
Fighting       | 1 2 3 4 5 6 |  6.7
Armour         | 1 2 |  2.7
Stealth        | 2 3 4 5 |  5.8
Spellcasting   | 3 4 5 6 7 |  7.7
Polearms       | 1 2 3 4 |  4.5
Dodging        | 2 3 4 5 6 |  6.3
Poison Magic   | 1 |  1.0
Staves         | 3 4 6 |  6.1
Hexes          | 1 |  1.1
Conjurations   | 1 3 4 |  4.9
Throwing       | 1 2 |  2.1
Transmutations | |  0.2
Air Magic      | |  0.6

Action                   |  1- 3 |  4- 6 |  7- 9 | 10-12 || total
-------------------------+-------+-------+-------+-------++-------
Melee: Staff             |    19 |       |       |       ||    19
       Trident           |    17 |    42 |   105 |     2 ||   166
       Quarterstaff      |       |       |    96 |   188 ||   284
Throw: Boomerang         |     4 |       |     3 |    20 ||    27
 Cast: Freeze            |    35 |    15 |       |     7 ||    57
       Poisonous Vapours |     4 |     4 |     1 |     5 ||    14
       Ozocubu's Armour  |       |     2 |    23 |    30 ||    55
       Frozen Ramparts   |       |       |     8 |    29 ||    37
       Wereblood         |       |       |     1 |     3 ||     4
       Ensorcelled Hiber |       |       |     1 |     6 ||     7
       Hailstorm         |       |       |       |     6 ||     6
       Pain              |       |       |       |     3 ||     3
Evoke: Wand              |       |       |       |     2 ||     2
  Use: Scroll            |       |     9 |     1 |     3 ||    13
       Potion            |       |       |       |     2 ||     2
 Stab: Sleeping          |     2 |       |     4 |     4 ||    10
       Paralysed         |       |     3 |    19 |    37 ||    59
       Distracted        |       |       |       |     1 ||     1
Armor: Robe              |    12 |     7 |    77 |    81 ||   177
       Leather armour    |     1 |       |       |       ||     1
Dodge: Dodged            |    38 |    27 |   112 |   125 ||   302
